 Dungeon Crawl Stone Soup version 0.30-a0-760-g5a9884bb7c (webtiles) character file.

Game seed: 13604720332128694866

534 yeetgod543 the Trooper (level 7, -2/60 HPs)
             Began as a Green Draconian Berserker on Feb 10, 2023.
             Was a Priest of Trog.
             Slain by an iguana (10 damage)
             ... on level 5 of the Dungeon.
             The game lasted 00:15:53 (3813 turns).

yeetgod543 the Trooper (Green Draconian Berserker)  Turns: 3813, Time: 00:15:53

Health: -2/60      AC:  8    Str: 28    XL:     7   Next: 4%
Magic:  7/7        EV: 12    Int:  7    God:    Trog [***...]
Gold:   157        SH:  3    Dex: 10    Spells: 6/6 levels left

rFire   + . .      SeeInvis .    i - +2 dagger (venom)
rCold   + . .      Faith    .    l - +0 buckler
rNeg    . . .      Spirit   .    (body armour unavailable)
rPois   +          Reflect  .    (helmet restricted)
rElec   +          Harm     .    (no cloak)
rCorr   +          Rampage  .    c - +0 pair of gloves
Will    .....                    b - +0 pair of boots
Stlth   ++                       (no amulet)
HPRegen 0.30/turn                h - +6 ring of strength
MPRegen 0.10/turn                (no ring)

@: resistant
A: breathe noxious fumes, AC +6, unfitting armour, poison resistance,
cold-blooded
a: Breathe Noxious Fumes, Renounce Religion, Berserk, Trog's Hand


You were on level 5 of the Dungeon.
You worshipped Trog.
Trog was most pleased with you.
You visited 1 branch of the dungeon, and saw 5 of its levels.
You also visited: Sewer.

You collected 157 gold pieces.

Inventory:

Hand Weapons
 a - a +0 spear
 e - a +1 dagger of protection
 i - a +2 dagger of venom (weapon)
Armour
 b - a +0 pair of boots (worn)
 c - a +0 pair of gloves (worn)
 l - a +0 buckler (worn)
Jewellery
 h - a +6 ring of strength (left hand)
Scrolls
 d - 4 scrolls of fog {unknown}
 f - 2 scrolls of identify {unknown}
 g - 2 scrolls of magic mapping {unknown}
 j - a scroll of vulnerability {unknown}
 o - a scroll of teleportation {unknown}
 r - a scroll of enchant armour {unknown}
Potions
 k - 2 potions of degeneration {unknown}
 m - a potion of brilliance {unknown}
 q - a potion of attraction {unknown}


   Skills:
 + Level 4.7 Fighting
 + Level 4.2 Short Blades
 + Level 3.5 Polearms
 + Level 4.5 Dodging
 + Level 1.4 Stealth
 + Level 1.1 Shields


You had 6 spell levels left.
You didn't know any spells.
Your spell library contained the following spells:

 Spells                   Type           Power      Damage    Failure   Level
 Static Discharge         Conj/Air       0%         2-2/arc   67%         2
 Vhi's Electric Charge    Tloc/Air       0%         N/A       88%         3
 Arcjolt                  Conj/Air       0%         1d10      100%        5
 Lightning Bolt           Conj/Air       0%         1d11      100%        5


Dungeon Overview and Level Annotations

Branches:
Dungeon (5/15)             Temple (0/1) D:4           Sewer (visited)

Altars:
Ru
Zin

Shops:
D:2 =


Innate Abilities, Weirdness & Mutations

You can breathe blasts of noxious fumes.
Your lurid green scales are hard. (AC +6)
You cannot fit into any form of body armour.
Your system is resistant to poisons. (rPois)
You are cold-blooded and may be slowed by cold attacks.


Message History

You have reached level 7!
Your scales start taking on a lurid green colour.
You learn Poison Magic much quicker.
You can breathe blasts of noxious fumes.
You feel resistant to poisons.
You feel much better. The white imp gestures at you.
The puff of frost hits you.
The iguana bites you but does no damage.
The jackal bites you.
You closely miss the jackal.
The jackal bites you but does no damage.
The jackal barely misses you. The white imp hits you.
* * * LOW HITPOINT WARNING * * *
The white imp freezes you.
You feel yourself slow down.
* * * LOW HITPOINT WARNING * * *
The iguana bites you.
* * * LOW HITPOINT WARNING * * *
You block the jackal's attack. The jackal closely misses you.
You block the white imp's attack. The jackal misses you. x2
You feel yourself speed up.
The jackal bites you but does no damage.
The white imp shouts, "Run away, thou foppish unchin-snouted haggard!"
The white imp closely misses you. The white imp attacks as you move away!
The white imp barely misses you. The iguana closely misses you.
You hit the jackal. You tail-slap the jackal.
You kill the jackal!
Trog accepts your kill. The jackal bites you.
* * * LOW HITPOINT WARNING * * *
You block the iguana's attack.
You closely miss the white imp.
Your tail-slap misses the white imp.
The jackal barely misses you. The jackal bites you.
* * * LOW HITPOINT WARNING * * *
It was a potion of resistance.
You feel protected. You block the white imp's attack. The iguana bites you!
You die...

##♣.#...#.♣ .#
♣.#._.#.♣####.#
♣.#...#.♣.....#
+.......'.....#
♣♣♣♣'♣♣♣♣.....#
#..........#
#######'#######
#≈≈§≈≈≈.≈≈≈§≈≈#
#≈≈§§...@5≈§≈≈#
#§§≈§...lh.§≈≈#
#≈§§§..#....≈≈#
#§§..##.##)..≈#
#≈...#.. #...≈#
#≈..#.=#!.#..≈#
#§...#.[.#...≈#
#≈...##.# ...≈#
≈. ..# ...≈≈#


You could see an iguana, a white imp and a jackal.

Vanquished Creatures
  An ogre (D:5)
  A necrophage (D:5)
  A jelly (D:4)
  2 hounds (D:3)
  A hell rat (Sewer)
  3 iguanas
  An orc wizard (D:4)
  A gnoll (D:3)
  5 adders
  A river rat (D:4)
  An ufetubus (D:4)
  2 worms
  4 dart slugs
  6 orcs
  8 ball pythons
  6 bats
  8 endoplasms
  3 giant cockroaches
  7 goblins
  A hobgoblin (D:4)
  7 jackals
  5 kobolds
  6 quokkas
  4 frilled lizards
  13 rats
98 creatures vanquished.

Notes
Turn   | Place    | Note
-------+----------+-------------------------------------------
     0 | D:1      | yeetgod543 the Draconian Berserker began the quest for the
                  | Orb.
     0 | D:1      | Reached XP level 1. HP: 19/19 MP: 1/1
   194 | D:1      | Reached XP level 2. HP: 6/26 MP: 2/2
   942 | D:2      | Reached XP level 3. HP: 31/33 MP: 3/3
   945 | D:2      | Reached ** piety under Trog
  1039 | D:2      | Reached skill level 1 in Short Blades
  1142 | D:2      | Found Hunn's Jewellery Shoppe.
  1495 | D:3      | Reached XP level 4. HP: 6/40 MP: 4/4
  1782 | D:3      | Found a sacrificial altar of Ru.
  1887 | D:3      | Reached skill level 1 in Stealth
  1914 | D:3      | Reached XP level 5. HP: 17/46 MP: 5/5
  2548 | D:4      | Found a glowing drain.
  2554 | Sewer    | Entered a sewer
  2707 | D:4      | Reached XP level 6. HP: 25/53 MP: 6/6
  2730 | D:4      | HP: 2/53 [iguana (9)]
  2870 | D:4      | Reached *** piety under Trog
  3558 | D:4      | Found a staircase to the Ecumenical Temple.
  3741 | D:5      | Entered Level 5 of the Dungeon
  3750 | D:5      | Found a glowing silver altar of Zin.
  3805 | D:5      | HP: 1/53 [white imp/puff of frost (9)]
  3806 | D:5      | Reached skill level 1 in Shields
  3806 | D:5      | Your scales start taking on a lurid green colour.
  3806 | D:5      | Reached XP level 7. HP: 2/60 MP: 7/7
  3806 | D:5      | Gained mutation: Your system is resistant to poisons.
                  | (rPois) [Green Draconian growth]
  3813 | D:5      | Slain by an iguana

Illustrated notes

Levels and vault maps discovered:
D:1:      lightli_arrival_farm, layout_loops_ring
D:2:      layout_loops_ring, basic_altar, serial_shops, nicolae_shop_waterfront,
          uniq_jessica
D:3:      layout_loops_ring, nicolae_ru_awakened_eye, cheibrodos_gnoll_hut
D:4:      layout_loops_ring, temple_statues, gup_sewer_entry_bowl
D:5:      nicolae_BIG_FREAKIN_CUBE, layout_rooms, lemuel_coloured_pillars_altar,
          mainiacjoe_overflow_six_doors_small, dk_vineyard_2,
          kennysheep_generic_room_2, uniq_crazy_yiuf_cottage

Skill      XL: |  1  2  3  4  5  6 |
---------------+-------------------+-----
Dodging        | 3 4 |  4.5
Short Blades   | 1 2 3 4 |  4.2
Fighting       | 4 |  4.7
Stealth        | 1 |  1.4
Shields        | 1 |  1.1
Polearms       | |  3.5

Action                     |  1- 3 |  4- 6 |  7- 9 || total
---------------------------+-------+-------+-------++-------
  Melee: Spear             |    13 |       |       ||    13
         Dagger            |   154 |   275 |     3 ||   432
         Tailslap          |    22 |    36 |     1 ||    59
    Use: Potion            |     2 |     8 |     2 ||    12
   Stab: Sleeping          |     4 |     1 |       ||     5
 Armour: Skin              |    53 |   103 |     3 ||   159
  Dodge: Dodged            |   104 |   177 |     8 ||   289
  Block: Buckler           |       |    35 |     4 ||    39

Table legend: (Time is in decaauts)
 A = Elapsed time spent in this place.
 B = Non-inter-level travel time spent in this place.
 C = Inter-level travel time spent in this place.
 D = Time resting spent in this place.
 E = Time spent auto-exploring this place.
 F = Levels seen in this place.
 G = Mean time per level.
                   A        B        C        D        E       F      G
               +--------+--------+--------+--------+--------+-----+--------+
         Total |   3810 |   3371 |    439 |      0 |   2377 |   6 |  635.0 |
       Dungeon |   3687 |   3248 |    439 |      0 |   2322 |   5 |  737.4 |
         Sewer |    122 |    122 |      0 |      0 |     55 |   1 |  122.0 |
               +--------+--------+--------+--------+--------+-----+--------+

Top non-repeatable levels by time:
     D:3: 1163 daAuts
     D:4: 1157 daAuts
     D:1: 946 daAuts
     D:2: 351 daAuts
   Sewer: 122 daAuts
     D:5: 68 daAuts
